Map: Pilares de oro EE

Players

IIIIIIIIIIII - Winner!

  • Race: Protoss Protoss
  • League: Silver
  • Spawn Location: 1:00

MrFercho

  • Race: Zerg Zerg
  • League: Gold
  • Spawn Location: 7:00

VOD

Have the link to the VOD?

Description

Time

  • Played on: July 22, 2020, 6:38 p.m.
  • Length: 5:37
Show
View Real Time Build Order
Export as new Build Order

IIIIIIIIIIII Protoss - Winner!

Build Orders:  

Get SALT Encoding   

  12  0:02  Probe  
  13  0:14  Probe  
  13  0:18  Pylon  
  14  0:26  Probe  
  15  0:38  Probe  
  15  0:42  Gateway  
  16  0:47  Assimilator, Probe  
  16  0:55  Probe  
  18  1:04  Probe  
  19  1:31  Cybernetics Core, Zealot  
  21  1:43  Warp Gate  
  21  1:44  Probe  
  22  2:07  Pylon  
  22  2:15  Pylon  
  22  2:25  Stalker  
  22  2:28  Gateway  
  22  2:29  Gateway  
  24  2:31  Gateway  
  24  2:38  Gateway  
  24  2:40  Gateway  
  24  3:32  Stalker  
  24  3:33  Stalker x2  
  24  3:34  Stalker  
  32  3:35  Zealot x2  
  36  4:07  Stalker  
  38  4:15  Pylon  
  32  4:30  Stalker x2  
  36  4:31  Zealot  
  34  4:52  Zealot x2  
  38  4:53  Zealot x2  
  42  5:16  Stalker x2  
  42  5:17  Stalker, Zealot  
Show
View Real Time Build Order
Export as new Build Order

MrFercho Zerg 

Build Orders: Hatch First 

Get SALT Encoding   

  12  0:03  Drone  
  13  0:12  Overlord  
  13  0:18  Drone  
  14  0:31  Drone x2  
  16  0:52  Hatchery  
  16  0:55  Drone  
  16  0:57  Drone  
  16  1:01  Drone  
  18  1:09  Extractor  
  17  1:20  Spawning Pool  
  17  1:21  Drone  
  17  1:31  Drone  
  18  1:37  Drone  
  19  1:46  Drone  
  20  1:57  Overlord  
  20  2:07  Queen  
  20  2:08  Queen  
  24  2:09  Zergling x2  
  24  2:10  Zergling x2  
  24  2:14  Metabolic Boost  
  26  2:18  Drone  
  27  2:24  Drone x2  
  29  2:35  Drone  
  29  2:36  Drone  
  31  3:05  Overlord x2  
  31  3:06  Overlord  
  31  3:07  Drone x3  
  34  3:24  Drone  
  34  3:25  Drone x6  
  41  3:34  Roach Warren  
  41  3:39  Evolution Chamber  
  39  3:44  Zergling x6  
  41  3:57  Zergling x6  
  41  4:08  Queen  
  35  4:12  Zergling x4  
  35  4:13  Zergling x2  
  24  4:25  Zergling x4  
  24  4:45  Roach x4  
  26  4:58  Roach x2  
  20  5:08  Drone x2  
  16  5:17  Roach  
  16  5:18  Drone  
Tags
 
Matchup
PvZ
Replay Pack
MrFercho
Spawn Locations
Cross Positions
Add a new tag
Caveats
  • Supply blocks, unpowered buildings, or Contaminate may cause inaccurate times.
  • Supply counts are checked every 10 seconds.